 Dungeon Sprint DCSS version 0.28.0-53-g5a82cb258f (webtiles) character file.

Game seed: 17091621235292848382

911 Zeld the Fighter (level 7, -2/78 HPs)
             Began as a Minotaur Berserker on June 13, 2022.
             Was a Priest of Trog.
             Slain by an orc warrior
             ... wielding a +0 scimitar
              (11 damage)
             ... in the Dungeon (Sprint IX: "|||||||||||||||||||||||||||||").
             The game lasted 00:00:41 (458 turns).

Zeld the Fighter (Minotaur Berserker)                Turns: 458, Time: 00:00:42

Health: -2/78      AC:  5    Str: 23    XL:     7   Next: 82%
Magic:  6/6        EV: 14    Int:  4    God:    Trog [***...]
Gold:   0          SH:  0    Dex: 10    Spells: 6/6 levels left

rFire   . . .      SeeInvis .   a - +1 broad axe (vorpal)
rCold   . . .      Faith    .   (no shield)
rNeg    . . .      Spirit   .   b - +0 animal skin
rPois   .          Reflect  .   (helmet restricted)
rElec   .          Harm     .   k - +0 cloak
rCorr   .          Rampage  .   l - +0 pair of gloves
Will    .....      NoTele   +   (no boots)
Stlth   +.........              (no amulet)
HPRegen 0.23/turn               (no ring)
MPRegen 0.10/turn               (no ring)

@: on berserk cooldown, slowed, very slow
A: horns 2, retaliatory headbutt
a: Renounce Religion, Berserk, Trog's Hand


You were in the Dungeon.
You worshipped Trog.
Trog was most pleased with you.
You visited 1 branch

Inventory:

Hand Weapons
 a - a +1 vorpal broad axe (weapon)
Armour
 b - a +0 animal skin (worn)
 k - a +0 cloak (worn)
 l - a +0 pair of gloves (worn)
Wands
 j - a wand of acid (10)
Scrolls
 h - 2 scrolls of blinking
Potions
 c - 5 potions of curing
 d - 3 potions of heal wounds
 e - a potion of haste
 f - 4 potions of magic
 g - a potion of berserk rage
 i - a potion of invisibility


   Skills:
 * Level 12.4 Fighting
 * Level 12.3 Axes
 + Level 8.8 Armour
 + Level 7.9 Dodging


You had 6 spell levels left.
You didn't know any spells.
Your spell library was empty.

Dungeon Overview and Level Annotations

Branches:
Dungeon (1/1)

Altars:
Cheibriados
Dithmenos
Elyvilon
Fedhas
Gozag
Hepliaklqana
Kikubaaqudgha
Makhleb
Nemelex Xobeh
Okawaru
Qazlal
Ru
Sif Muna
Trog
Uskayaw
Vehumet
Wu Jian
Xom
Yredelemnul
Zin
The Shining One
Beogh
Jiyva
Lugonu


Innate Abilities, Weirdness & Mutations

You have a pair of horns on your head.
You reflexively headbutt those who attack you in melee.


Message History

* * * LOW HITPOINT WARNING * * *
Unknown command.
You barely miss the komodo dragon. You headbutt the komodo dragon!
The komodo dragon is almost dead.
Unknown command.
You slash the komodo dragon!
You kill the komodo dragon!
Trog accepts your kill.
Your Fighting skill increases to level 12!
Your Axes skill increases to level 12!
You slash the orc warrior!
The orc warrior is moderately wounded.
The orc warrior hits you but does no damage.
You feel a strong urge to attack something.
You are no longer berserk.
You are exhausted.
You feel yourself slow down.
You see here a +1 chain mail.
Your ogre goes berserk!
You can no longer call in reinforcements.
The orc warrior hits you with a +0 scimitar!
* * * LOW HITPOINT WARNING * * *
Unknown command.
You swap places.
Your ogre barely misses the orc warrior.
The orc warrior hits your ogre with a +0 scimitar!! x2
Your ogre barely misses the orc warrior.
You see here a +0 hand axe.
Your ogre hits the orc warrior with a +0 giant spiked club!!
The orc warrior dies!
Trog accepts your kill.
Items here: ))))).
Your ogre closely misses the orc warrior. x2
The orc warrior hits your ogre with a +0 scimitar!
Your ogre dies!
Your ogre's corpse disappears in a puff of smoke!
You see here 2 scrolls of amnesia.
There is an open door here.
The orc warrior hits you with a +0 scimitar!
You die... ▓▓▓▓▓▓▓▓▓▓▓▓▓▓▓▓▓▓▓▓▓▓▓▓▓▓▓▓▓▓▓▓▓ ________________@oZ)).)[.=)...... ▓▓▓▓▓▓▓▓▓▓▓▓▓▓▓▓▓▓▓▓▓▓▓▓▓▓▓▓▓▓▓▓▓

You could see an orc warrior and an adder zombie.

Vanquished Creatures
  A gargoyle (D)
  A komodo dragon (D)
  A yak (D)
  A black bear (D)
  A jelly (D)
  A white imp (D)
  A dart slug (D)
  2 orcs (D)
  An endoplasm (D)
  A giant cockroach (D)
  A goblin (D)
  A ball python (D)
13 creatures vanquished.

Vanquished Creatures (collateral kills)
  An orc warrior (D)
1 creature vanquished.

Grand Total: 14 creatures vanquished

Notes
Turn   | Place    | Note
-------+----------+-------------------------------------------
     0 | D        | Zeld the Minotaur Berserker began the quest for the Orb.
     0 | D        | Reached XP level 1. HP: 19/19 MP: 0/0
    10 | D        | Reached ** piety under Trog
   189 | D        | Noticed a black bear
   189 | D        | Noticed a jelly
   192 | D        | Reached XP level 2. HP: 28/28 MP: 1/1
   193 | D        | Reached *** piety under Trog
   194 | D        | Reached skill level 5 in Fighting
   194 | D        | Reached skill level 5 in Axes
   196 | D        | Killed a black bear
   197 | D        | Reached skill level 5 in Armour
   197 | D        | Reached XP level 3. HP: 39/39 MP: 2/2
   197 | D        | Reached XP level 4. HP: 47/47 MP: 3/3
   199 | D        | Reached XP level 5. HP: 53/53 MP: 4/4
   333 | D        | Found a snail-covered altar of Cheibriados.
   333 | D        | Found a shadowy altar of Dithmenos.
   333 | D        | Found a white marble altar of Elyvilon.
   333 | D        | Found a blossoming altar of Fedhas.
   333 | D        | Found an opulent altar of Gozag.
   334 | D        | Found a hazy altar of Hepliaklqana.
   336 | D        | Found a viscous altar of Jiyva.
   355 | D        | Found an ancient bone altar of Kikubaaqudgha.
   362 | D        | Found a corrupted altar of Lugonu.
   363 | D        | Found a burning altar of Makhleb.
   368 | D        | Found a sparkling altar of Nemelex Xobeh.
   369 | D        | Found an iron altar of Okawaru.
   370 | D        | Found a stormy altar of Qazlal.
   371 | D        | Found a sacrificial altar of Ru.
   374 | D        | Found a shimmering blue altar of Sif Muna.
   375 | D        | Found a bloodstained altar of Trog.
   376 | D        | Found a hide-covered altar of Uskayaw.
   377 | D        | Found a radiant altar of Vehumet.
   378 | D        | Found an ornate altar of the Wu Jian Council.
   379 | D        | Found a shimmering altar of Xom.
   380 | D        | Found a basalt altar of Yredelemnul.
   381 | D        | Found a glowing silver altar of Zin.
   382 | D        | Found a glowing golden altar of the Shining One.
   431 | D        | Noticed a gargoyle
   431 | D        | Noticed a yak
   431 | D        | Noticed a komodo dragon
   431 | D        | Noticed an orc warrior
   431 | D        | Noticed an orc warrior
   438 | D        | Killed a gargoyle
   439 | D        | Reached skill level 10 in Fighting
   439 | D        | Reached skill level 10 in Axes
   439 | D        | Reached XP level 6. HP: 27/67 MP: 5/5
   440 | D        | Killed a yak
   440 | D        | Reached **** piety under Trog
   441 | D        | Reached XP level 7. HP: 30/74 MP: 6/6
   445 | D        | Killed a komodo dragon
   458 | D        | Slain by an orc warrior

Illustrated notes

Levels and vault maps discovered:
D:        linesprint [early_d, line_temple, items_1, d_10, items_2, lair_1,
          lair_end, items_3, orc_1, orc_end, items_4, d_15, swamp_1, shoals_1,
          snake_1, spider_1, d_20, vaults_1, items_5, swamp_end, shoals_end,
          snake_end, spider_end, vaults_end, d_27, items_6, zot_1, zot_end,
          crypt_end, forest_end, elf_end, slime_end, tomb_end, abyss_end,
          pan_hell_end]

Skill      XL: |  1  2  3  4  5  6  7 |
---------------+----------------------+-----
Fighting       | 4 7 10 11 12 | 12.4
Axes           | 4 7 10 11 12 | 12.3
Armour         | 3 5 7 8 |  8.8
Dodging        | 4 6 7 |  7.9

Action                   |  1- 3 |  4- 6 |  7- 9 || total
-------------------------+-------+-------+-------++-------
Melee: Hand axe          |    16 |     3 |       ||    19
       Headbutt          |     2 |       |     1 ||     3
       Broad axe         |       |     7 |     6 ||    13
       Punch             |       |     2 |       ||     2
Invok: Berserk           |     2 |     2 |       ||     4
       Brothers in Arms  |       |       |     1 ||     1
Armor: Animal skin       |     1 |       |     1 ||     2
Dodge: Dodged            |     6 |     5 |     1 ||    12
